 Dungeon Crawl Stone Soup version 0.31-a0-986-g5e6e4ef867 (webtiles) character file.

Game seed: 7924509589568969827

146 Xavori the Trooper (level 5, -3/40 HPs)
             Began as a Djinni Chaos Knight on Nov 24, 2023.
             Was a Plaything of Xom.
             Killed by divine providence
             ... invoked by an orc priest
              (7 damage)
             ... on level 3 of the Dungeon.
             The game lasted 00:02:33 (10877 turns).

Xavori the Trooper (Djinni Chaos Knight)           Turns: 10877, Time: 00:02:34

Health: -3/40      AC:  9    Str: 21    XL:     5   Next: 53%
Gold:   48         EV: 17    Int: 12    God:    Xom [.....*] SH:  0 Dex: 14

rFire   + + .        a - +0 falchion (chaos)
rCold   x . .        (no shield)
rNeg    . . .        b - +2 leather armour
rPois   ∞            l - +0 helmet
rElec   .            (no cloak)
rCorr   .            h - +2 pair of gloves
SInv    .            (boots unavailable)
Will    +....        (no amulet)
Stlth   +            f - +6 ring of strength
HPRegen 0.26/turn    q - +5 ring of evasion
MPRegen 0.00/turn

%: clarity, infuse magic (-4 HP)
@: flying
A: sickness immunity, fire resistance 2, cold vulnerability 1, float, innate
caster, HP casting, extra vitality 1, clarity, strong-willed 1, strong 1
a: Renounce Religion


You were on level 3 of the Dungeon.
You worshipped Xom.
You were Xom's teddy bear.
You visited 1 branch of the dungeon, and saw 3 of its levels.

You collected 48 gold pieces.

Inventory:

Hand Weapons
 a - a +0 falchion of chaos (weapon)
Armour
 b - a +2 leather armour (worn)
 h - a +2 pair of gloves (worn)
 l - a +0 helmet (worn)
Jewellery
 f - a +6 ring of strength (left hand)
 q - a +5 ring of evasion (right hand)
Wands
 p - a wand of flame (13)
Scrolls
 c - a scroll of butterflies
 d - 2 scrolls of immolation {unknown}
 e - a scroll of vulnerability {unknown}
 g - a scroll of brand weapon {unknown}
 k - a scroll of enchant armour {unknown}
 n - a scroll of fear {unknown}
 o - 2 scrolls of teleportation {unknown}
Potions
 i - a potion of curing {unknown}
 j - a potion of heal wounds
 m - a potion of berserk rage {unknown}


   Skills:
 + Level 3.6 Fighting
 + Level 3.3 Long Blades
 + Level 2.1 Armour
 + Level 3.1 Dodging
 * Level 1.6 Spellcasting
 * Level 1.6 Conjurations
 * Level 1.6 Hexes
   Level 0.0 Charms
 * Level 1.6 Summonings
 * Level 1.6 Necromancy
 * Level 1.6 Translocations
 * Level 1.6 Transmutations
 * Level 1.6 Fire Magic
 * Level 1.6 Ice Magic
 * Level 1.6 Air Magic
 * Level 1.6 Earth Magic
 * Level 1.6 Poison Magic


You knew the following spells:

 Your Spells              Type           Power      Damage    Failure   Level
a - Freeze                Ice            16%        1d4       17%         1
b - Call Imp              Summ           8%         N/A       26%         2
Your spell library was empty.

Dungeon Overview and Level Annotations

Branches:
Dungeon (3/15)

Altars:
Xom


Innate Abilities, Weirdness & Mutations

You are immune to sickness and miasma.
You are immune to poison.
Your flesh is very heat resistant. (rF++)
You are vulnerable to cold. (rC-)
You float through the air rather than walking.
You learn spells naturally, not from books.
Your magical power is your life essence.
You have superior vitality. (+4 MHP)
You possess an exceptional clarity of mind.
You are strong-willed. (Will+)
Your muscles are strong. (Str +4, Int/Dex -1)


Message History

You are frozen.
You feel a terrible chill!
You hit the endoplasm but do no damage.
The endoplasm is poisoned.
The area is suffused with divine lightning!
The blast of lightning engulfs the endoplasm!!!!
The endoplasm dies!
You hear a shout! x2
An orc comes into view. It is wielding a +0 war axe.
The orc priest hits you with a +0 flail!
The orc misses you.
You closely miss the orc priest.
The orc priest mumbles some strange prayers to Beogh against you.
Beogh smites you!
* * * LOW HITPOINT WARNING * * *
The orc misses you.
You are too injured to fight recklessly!
Aiming: Throw Flame
Press: ? - help, Shift-Dir - straight line, f - orc
Aim: an orc, wielding a +0 mace and wearing a +0 scale mail (72% to hit)
Okay, then.
It was a potion of heal wounds.
You feel much better. The orc priest misses you.
The orc hits you with a +0 mace.
You barely miss the orc priest. The orc priest closely misses you.
The orc hits you but does no damage. The orc closely misses you.
The orc priest hits you with a +0 flail.
You closely miss the orc priest.
An orc comes into view. It is wielding a +0 flail.
The orc hits you but does no damage.
An orc priest comes into view. It is wielding a +0 club.
The orc priest calls down the wrath of Beogh upon you.
Beogh smites you!
You barely miss the orc priest. The orc completely misses you.
The orc priest closely misses you.
The orc priest invokes the aid of Beogh against you.
Beogh smites you!
* * * LOW HITPOINT WARNING * * *
The orc attacks as it pursues you! The orc hits you but does no damage.
The orc priest mumbles some strange prayers to Beogh against you.
Beogh smites you!
You die...
Xom thinks this is hilarious!

..'.........# ..###
..#........## .....
..#.....(..# ....
..#........## #..#
###########.# ...#
##.# #########...###.
#..# #......o........
##.####....o.o.o....#
####..#
#..@.o...##...##
#....####''####..#
#oo#
##.####§≈≈..≈§≈##.#
..#
##..###≈≈......§§###
#
#..###≈≈...≈≈).§§§##
#.###≈≈....≈≈).§.§§#
#.##§≈.....§§..§..≈≈
#.#≈≈......§≈......≈
#.#≈......§§≈≈......


You could see 2 orc priests and 3 orcs.

Vanquished Creatures
  Jessica (D:2)
  Ijyb (D:3)
  Terence (D:2)
  3 adders
  2 dart slugs
  An orc (D:3)
  3 endoplasms
  4 giant cockroaches
  2 hobgoblins (D:1)
  4 kobolds
  5 ball pythons
  5 bats
  5 frilled lizards
  7 rats
44 creatures vanquished.

Vanquished Creatures (others)
  An endoplasm (D:3)
1 creature vanquished.

Grand Total: 45 creatures vanquished

Notes
Turn   | Place    | Note
-------+----------+-------------------------------------------
     0 | D:1      | Xavori the Djinni Chaos Knight began the quest for the Orb.
     0 | D:1      | Reached XP level 1. HP: 20/20 MP: 0/0
    94 | D:1      | Reached XP level 2. HP: 17/25 MP: 0/0
   136 | D:1      | XOM: silly message
   160 | D:1      | XOM: divination: detect creatures
  1033 | D:1      | XOM: cloud trail
  1107 | D:1      | XOM: noise
  1167 | D:1      | XOM: cloud trail
  1805 | D:1      | XOM: god gift: orb of light
  2256 | D:1      | XOM: cloud trail
  3310 | D:1      | XOM: cloud trail
  3546 | D:1      | XOM: scenery: create altars
  3748 | D:1      | XOM: scenery: summon butterflies
  4160 | D:1      | XOM: give mutations
  4160 | D:1      | Gained mutation: You are clumsy. (Dex -2) [Xom's mischief]
  4160 | D:1      | Lost mutation: You are clumsy. (Dex -2) [Xom's mischief]
  4294 | D:1      | XOM: give mutations
  4294 | D:1      | Gained mutation: You possess an exceptional clarity of
                  | mind. [Xom's mischief]
  5272 | D:1      | XOM is BORED!
  5272 | D:1      | XOM: give mutation
  5272 | D:1      | Gained mutation: Potions are less effective at restoring
                  | your health. [Xom's mischief]
  5858 | D:1      | XOM: stat loss: -1 Str (10/11)
  6537 | D:1      | XOM: give mutations
  6537 | D:1      | Gained mutation: You occasionally lose the ability to read
                  | scrolls when taking damage. [Xom's mischief]
  6537 | D:1      | Gained mutation: Your muscles are strong. (Str +4, Int/Dex
                  | -1) [Xom's mischief]
  6949 | D:1      | XOM: scenery: summon butterflies
  7142 | D:1      | XOM: give mutations
  7142 | D:1      | Lost mutation: Your muscles are strong. (Str +4, Int/Dex
                  | -1) [Xom's mischief]
  7142 | D:1      | Lost mutation: Potions are less effective at restoring your
                  | health. [Xom's mischief]
  7634 | D:1      | XOM: give mutations
  7634 | D:1      | Gained mutation: Your spells are a little harder to cast,
                  | but a little more powerful. [Xom's grace]
  7634 | D:1      | Gained mutation: You are strong-willed. (Will+) [Xom's
                  | grace]
  7634 | D:1      | Gained mutation: Your muscles are strong. (Str +4, Int/Dex
                  | -1) [Xom's grace]
  7719 | D:1      | XOM: give mutations
  7719 | D:1      | Lost mutation: You occasionally lose the ability to read
                  | scrolls when taking damage. [Xom's mischief]
  7719 | D:1      | Lost mutation: Your spells are a little harder to cast, but
                  | a little more powerful. [Xom's mischief]
  8724 | D:1      | XOM: divination: detect creatures
  9098 | D:1      | XOM is BORED!
  9098 | D:1      | XOM: silly message
  9516 | D:1      | XOM: god gift: +6 ring of strength
  9524 | D:2      | Reached XP level 3. HP: 30/30 MP: 0/0
  9524 | D:2      | Learned a level 1 spell: Freeze
  9548 | D:2      | Noticed Jessica
  9562 | D:2      | Killed Jessica
  9563 | D:2      | Reached skill level 1 in Spellcasting
  9563 | D:2      | Reached skill level 1 in Conjurations
  9563 | D:2      | Reached skill level 1 in Hexes
  9563 | D:2      | Reached skill level 1 in Summonings
  9563 | D:2      | Reached skill level 1 in Necromancy
  9563 | D:2      | Reached skill level 1 in Translocations
  9563 | D:2      | Reached skill level 1 in Transmutations
  9563 | D:2      | Reached skill level 1 in Fire Magic
  9563 | D:2      | Reached skill level 1 in Ice Magic
  9563 | D:2      | Reached skill level 1 in Air Magic
  9563 | D:2      | Reached skill level 1 in Earth Magic
  9563 | D:2      | Reached skill level 1 in Poison Magic
  9563 | D:2      | Reached XP level 4. HP: 29/35 MP: 0/0
  9688 | D:2      | Noticed Terence
  9689 | D:2      | XOM: scenery: create altars
  9708 | D:2      | Killed Terence
  9881 | D:2      | XOM: scenery: summon butterflies
 10454 | D:2      | Found a faded altar of an unknown god.
 10457 | D:2      | XOM: scenery: 1 doors open, 4 doors close
 10639 | D:3      | Reached XP level 5. HP: 40/40 MP: 0/0
 10639 | D:3      | Learned a level 2 spell: Call Imp
 10693 | D:3      | Noticed Ijyb
 10697 | D:3      | XOM: scenery: create altars
 10712 | D:3      | Killed Ijyb
 10865 | D:3      | XOM: divine lightning
 10877 | D:3      | Killed from afar by an orc priest

Illustrated notes

Levels and vault maps discovered:
D:1:      lightli_arrival_farm, layout_loops_ring, chequers_serial_rivers_room_b
D:2:      layout_basic, hellmonk_ecumenical_altar_heavens_door, uniq_jessica,
          uniq_terence
D:3:      layout_basic, kennysheep_cross_room, minmay_misc_feat_nine_boxes,
          uniq_crazy_yiuf_cottage, uniq_ijyb

Skill      XL: |  1  2  3  4  5 |
---------------+----------------+-----
Long Blades    | 3 |  3.3
Spellcasting   | 1 |  1.6
Conjurations   | 1 |  1.6
Hexes          | 1 |  1.6
Summonings     | 1 |  1.6
Necromancy     | 1 |  1.6
Translocations | 1 |  1.6
Transmutations | 1 |  1.6
Fire Magic     | 1 |  1.6
Ice Magic      | 1 |  1.6
Air Magic      | 1 |  1.6
Earth Magic    | 1 |  1.6
Poison Magic   | 1 |  1.6
Armour         | 2 |  2.1
Dodging        | 3 |  3.1
Fighting       | |  3.6

Action                     |  1- 3 |  4- 6 || total
---------------------------+-------+-------++-------
  Melee: Falchion          |    63 |    96 ||   159
         Punch             |     1 |     1 ||     2
    Use: Potion            |       |     1 ||     1
 Armour: Leather armour    |    26 |    98 ||   124
  Dodge: Dodged            |    46 |   105 ||   151

Table legend: (Time is in decaauts)
 A = Elapsed time spent in this place.
 B = Non-inter-level travel time spent in this place.
 C = Inter-level travel time spent in this place.
 D = Time resting spent in this place.
 E = Time spent auto-exploring this place.
 F = Levels seen in this place.
 G = Mean time per level.
                   A        B        C        D        E       F      G
               +--------+--------+--------+--------+--------+-----+--------+
         Total |  10900 |  10791 |    109 |   8795 |   1571 |   3 | 3633.3 |
       Dungeon |  10900 |  10791 |    109 |   8795 |   1571 |   3 | 3633.3 |
               +--------+--------+--------+--------+--------+-----+--------+

Top non-repeatable levels by time:
     D:1: 9527 daAuts
     D:2: 1100 daAuts
     D:3: 271 daAuts
